 Dungeon Crawl Stone Soup version 0.30-a0-360-g447f08457e (webtiles) character file.

Game seed: 15698421542011505722

4770 billz999 the Skirmisher (level 10, -3/79 HPs)
             Began as a Gnoll Hunter on Nov 11, 2022.
             Was a Believer of Dithmenos.
             Slain by a yak (14 damage)
             ... on level 7 of the Dungeon on Nov 13, 2022.
             The game lasted 00:16:17 (7714 turns).

billz999 the Skirmisher (Gnoll Hunter)              Turns: 7714, Time: 00:16:17

Health: -3/79      AC:  7    Str: 10    XL:     10   Next: 47%
Magic:  18/18      EV: 17    Int:  9    God:    Dithmenos [**....]
Gold:   481        SH:  0    Dex: 20    Spells: 20/20 levels left

rFire   + . .      SeeInvis .    D - +6 long sword
rCold   + . .      Faith    +    (no shield)
rNeg    . . .      Spirit   .    g - +2 robe {rC+ rF+}
rPois   +          Reflect  .    (no helmet)
rElec   .          Harm     .    (no cloak)
rCorr   .          Rampage  .    (no gloves)
Will    .....                    j - +2 pair of boots
Stlth   ++++......               C - amulet of faith
HPRegen 0.33/turn                r - ring of poison resistance
MPRegen 0.16/turn                (no ring)

@: hasted, wreathed by umbra, very quick
A: fangs 1, strong nose, distributed training
a: Renounce Religion, Shadow Step


You were on level 7 of the Dungeon.
You worshipped Dithmenos.
Dithmenos was pleased with you.
You visited 2 branches of the dungeon, and saw 9 of its levels.

You collected 481 gold pieces.

Inventory:

Hand Weapons
 a - a +0 shortbow
 f - a +2 whip of electrocution
 m - a +4 mace of holy wrath
 D - a +6 long sword (weapon)
Missiles
 d - 2 poisoned darts
 i - 3 curare-tipped darts
 t - a throwing net
Armour
 c - a +1 leather armour
 g - a +2 robe of resistance (worn)
 j - a +2 pair of boots (worn)
Jewellery
 r - a ring of poison resistance (left hand)
 C - an amulet of faith (around neck)
 F - a ring of ice
 G - an amulet of magic regeneration
Wands
 q - a wand of flame (33)
 x - a wand of polymorph (7)
 A - a wand of roots (2)
Scrolls
 b - 2 scrolls of immolation
 h - a scroll of butterflies
 p - a scroll of enchant armour
 v - 2 scrolls of poison
 w - a scroll of magic mapping
 y - 2 scrolls of amnesia
 B - 3 scrolls of identify
Potions
 e - 2 potions of curing
 k - 2 potions of magic
 n - 2 potions of degeneration {unknown}
 o - a potion of cancellation {unknown}
 s - a potion of mutation {unknown}
 u - a potion of attraction {unknown}
 z - 2 potions of lignification {unknown}
 E - 2 potions of might {unknown}


   Skills:
 + Level 7.2 Fighting
 + Level 5.5 Short Blades
 + Level 5.5 Long Blades
 + Level 5.5 Axes
 + Level 5.5 Maces & Flails
 + Level 5.5 Polearms
 + Level 5.5 Staves
 + Level 10.2 Ranged Weapons
 + Level 5.5 Throwing
 + Level 5.5 Armour
 + Level 7.2 Dodging
 + Level 6.0 Stealth
 + Level 5.5 Shields
 + Level 5.5 Unarmed Combat
 + Level 5.5 Spellcasting
 + Level 4.5 Conjurations
 + Level 4.5 Hexes
 + Level 4.5 Summonings
 + Level 4.5 Necromancy
 + Level 4.5 Translocations
 + Level 4.5 Transmutations
 + Level 4.5 Fire Magic
 + Level 4.5 Ice Magic
 + Level 4.5 Air Magic
 + Level 4.5 Earth Magic
 + Level 4.5 Poison Magic
 + Level 6.0 Invocations
 + Level 5.5 Evocations


You had 20 spell levels left.
You didn't know any spells.
Your spell library contained the following spells:

 Spells                   Type           Power      Damage    Failure   Level
 Ensorcelled Hibernation  Hex/Ice        20%        N/A       5%          2
 Passwall                 Tmut/Erth      8%         N/A       5%          2
 Static Discharge         Conj/Air       20%        2-3/arc   5%          2
 Ignite Poison            Fire/Tmut/Pois 10%        N/A       11%         3
 Kindle Blastsparks       Fire/Tloc/Air  20%        2d11      11%         3
 Swiftness                Air            10%        N/A       11%         3
 Vhi's Electric Charge    Tloc/Air       20%        N/A       11%         3
 Fulminant Prism          Conj/Hex       5%         3d7       34%         4
 Iskenderun's Mystic Bla  Conj/Tloc      10%        2d4       34%         4
 Arcjolt                  Conj/Air       5%         1d15      69%         5
 Freezing Cloud           Conj/Ice/Air   5%         6-21      69%         5
 Lee's Rapid Deconstruct  Erth           5%         3d6*      69%         5
 Lightning Bolt           Conj/Air       5%         1d17      69%         5


Dungeon Overview and Level Annotations

Branches:
Dungeon (8/15)             Temple (0/1) D:6            Lair (1/5) D:8

Altars:
Dithmenos
Elyvilon
Hepliaklqana
Qazlal

Shops:
D:5 :   D:7 [

Annotations:
D:5 Eustachio
D:7 1 runed translucent door, greasedhog's ghost, novice FoFi
D:8 Joseph


Innate Abilities, Weirdness & Mutations

You have very sharp teeth.
Your uncanny sense of smell can sniff out nearby items.
Your experience applies equally to all skills.


Message History

The yak attacks as you move away! The yak misses you.
The yak attacks as you move away! The yak closely misses you.
There is a stone staircase leading up here.
The yak misses you.
You climb upwards.
Level annotation: 1 runed translucent door, greasedhog's ghost, novice FoFi
There is a stone staircase leading down here.
Aiming: Shadow Step
Press: ? - help, Dir - move target, f - yak
Aim: a yak (moderately wounded, umbra)
Okay, then.
The yak attacks as you move away! The yak gores you but does no damage.
The yak attacks as you move away! The yak gores you but does no damage.
The yak attacks as you move away! The yak barely misses you.
There is an open door here.
Okay, then.
You slash the yak! You bite the yak, but do no damage.
The yak is moderately wounded.
The yak closely misses you.
You hit the yak but do no damage.
The yak is moderately wounded.
The yak misses you.
You hit the yak.
The yak is heavily wounded.
The yak barely misses you. The yak gores you.
* * * LOW HITPOINT WARNING * * *
You hit the yak.
The yak is heavily wounded.
The yak gores you!
* * * LOW HITPOINT WARNING * * *
You barely miss the yak.
The yak is heavily wounded.
The yak completely misses you.
You feel better. The yak gores you!
* * * LOW HITPOINT WARNING * * *
You feel better. The yak gores you.
* * * LOW HITPOINT WARNING * * *
Okay, then.
You feel yourself speed up. The yak gores you!
You die...

#......#####...###.#
#.[....# #E#...#E#.#
##(....#####...###.#
##'######..#.......#
...........#....####
..[........#...#######
###'#########..##....##
##...########..##.....#
##...+§<.#......@.....#
##...#...#.....Y#.....##
##...##§.##....##......#
#######'###....##...####
.#...##..##>.........#
.#...#...............#
###'###..........>..##
##...###'##..........#
.....##..##....##....#


You could see a yak.

Vanquished Creatures
  A rime drake (D:8)
  A hornet (D:8)
  A polar bear (D:8)
  A wraith (D:7)
  3 yaks (D:8)
  A steam dragon (D:7)
  Menkaure (D:7)
  3 water moccasins
  6 ice beasts
  A black bear (D:6)
  A wolf (D:8)
  2 centaurs
  3 phantoms
  Blork the orc (D:5)
  A kobold brigand (D:4)
  A bullfrog (D:7)
  2 necrophages
  3 scorpions
  12 wights
  2 orc priests
  3 hounds
  3 jellies
  4 iguanas
  6 orc wizards
  Natasha (D:3)
  Terence (D:3)
  8 gnolls
  9 adders
  A river rat (D:3)
  A shadow imp (D:6)
  2 ufetubi
  3 worms
  3 dart slugs
  18 orcs
  7 endoplasms
  6 giant cockroaches
  10 goblins
  9 hobgoblins
  3 jackals (D:2)
  8 kobolds
  6 quokkas
  5 ball pythons
  4 bats (D:1)
  7 frilled lizards
  7 rats
182 creatures vanquished.

Vanquished Creatures (others)
  4 plants (D:4)
4 creatures vanquished.

Grand Total: 186 creatures vanquished

Notes
Turn   | Place    | Note
-------+----------+-------------------------------------------
     0 | D:1      | billz999 the Gnoll Hunter began the quest for the Orb.
     0 | D:1      | Reached XP level 1. HP: 20/20 MP: 1/1
    71 | D:1      | Reached XP level 2. HP: 26/26 MP: 2/2
   316 | D:1      | Reached XP level 3. HP: 31/31 MP: 3/3
   612 | D:2      | Reached skill level 1 in Invocations
   658 | D:2      | Reached skill level 1 in Short Blades
   658 | D:2      | Reached skill level 1 in Long Blades
   658 | D:2      | Reached skill level 1 in Axes
   658 | D:2      | Reached skill level 1 in Maces & Flails
   658 | D:2      | Reached skill level 1 in Polearms
   658 | D:2      | Reached skill level 1 in Staves
   658 | D:2      | Reached skill level 1 in Throwing
   658 | D:2      | Reached skill level 1 in Armour
   658 | D:2      | Reached skill level 1 in Shields
   658 | D:2      | Reached skill level 1 in Unarmed Combat
   658 | D:2      | Reached skill level 1 in Spellcasting
   658 | D:2      | Reached skill level 1 in Evocations
   735 | D:2      | Reached XP level 4. HP: 38/38 MP: 5/5
   772 | D:2      | Reached skill level 1 in Conjurations
   772 | D:2      | Reached skill level 1 in Hexes
   772 | D:2      | Reached skill level 1 in Summonings
   772 | D:2      | Reached skill level 1 in Necromancy
   772 | D:2      | Reached skill level 1 in Translocations
   772 | D:2      | Reached skill level 1 in Transmutations
   772 | D:2      | Reached skill level 1 in Fire Magic
   772 | D:2      | Reached skill level 1 in Ice Magic
   772 | D:2      | Reached skill level 1 in Air Magic
   772 | D:2      | Reached skill level 1 in Earth Magic
   772 | D:2      | Reached skill level 1 in Poison Magic
  1109 | D:2      | Reached XP level 5. HP: 36/43 MP: 7/7
  1440 | D:3      | Found a faded altar of an unknown god.
  1445 | D:3      | Found a white marble altar of Elyvilon.
  1618 | D:3      | Noticed Terence
  1620 | D:3      | Killed Terence
  1621 | D:3      | Reached XP level 6. HP: 50/50 MP: 8/8
  1713 | D:3      | Reached skill level 5 in Fighting
  1713 | D:3      | Reached skill level 5 in Dodging
  1726 | D:3      | Noticed Natasha
  1733 | D:3      | Killed Natasha
  2359 | D:4      | Reached XP level 7. HP: 56/56 MP: 10/10
  2468 | D:4      | Found a shadowy altar of Dithmenos.
  2482 | D:4      | Became a worshipper of Dithmenos the Shadowed
  2649 | D:4      | Reached skill level 9 in Ranged Weapons
  3137 | D:5      | Entered Level 5 of the Dungeon
  3138 | D:5      | Found a hazy altar of Hepliaklqana.
  3192 | D:5      | Reached XP level 8. HP: 44/63 MP: 12/12
  3326 | D:5      | Found Urrovvu's Book Emporium.
  3621 | D:5      | Noticed Eustachio
  3950 | D:5      | Noticed Blork the orc
  3965 | D:5      | Killed Blork the orc
  4283 | D:6      | Reached * piety under Dithmenos
  4567 | D:6      | Reached XP level 9. HP: 56/69 MP: 14/14
  4886 | D:6      | Found a staircase to the Ecumenical Temple.
  5281 | D:7      | Reached skill level 5 in Stealth
  5458 | D:7      | Noticed Menkaure
  5865 | D:7      | Found a stormy altar of Qazlal.
  5950 | D:7      | Reached skill level 5 in Invocations
  6237 | D:7      | Found a runed translucent door.
  6238 | D:7      | Noticed greasedhog's ghost (novice FoFi)
  6294 | D:7      | Found Earendil's Dragon-Slaying Spoils.
  6429 | D:7      | Killed Menkaure
  6778 | D:8      | Noticed a rime drake
  6781 | D:8      | Reached ** piety under Dithmenos
  6781 | D:8      | Noticed a polar bear
  6812 | D:8      | Reached skill level 5 in Short Blades
  6812 | D:8      | Reached skill level 5 in Long Blades
  6812 | D:8      | Reached skill level 5 in Axes
  6812 | D:8      | Reached skill level 5 in Maces & Flails
  6812 | D:8      | Reached skill level 5 in Polearms
  6812 | D:8      | Reached skill level 5 in Staves
  6812 | D:8      | Reached skill level 5 in Throwing
  6812 | D:8      | Reached skill level 5 in Armour
  6812 | D:8      | Reached skill level 5 in Shields
  6812 | D:8      | Reached skill level 5 in Unarmed Combat
  6812 | D:8      | Reached skill level 5 in Spellcasting
  6812 | D:8      | Reached skill level 5 in Evocations
  6812 | D:8      | Reached XP level 10. HP: 31/77 MP: 17/17
  6961 | D:8      | Reached skill level 10 in Ranged Weapons
  7606 | D:8      | Found a staircase to the Lair.
  7628 | D:8      | Noticed Joseph
  7640 | Lair:1   | Entered Level 1 of the Lair of Beasts
  7641 | Lair:1   | Upgraded the game from 0.30-a0-359-gd0147acb1a to
                  | 0.30-a0-360-g447f08457e
  7714 | D:7      | Slain by a yak

Illustrated notes

Levels and vault maps discovered:
D:1:      dpeg_arrival_subterranean_lakeside_camping, layout_rooms
D:2:      layout_rooms
D:3:      layout_basic, nicolae_overflow_ecumenical_swirl,
          gup_sewer_entry_spiral, uniq_terence, uniq_natasha
D:4:      layout_basic, nicolae_dithmenos_shadow_blocks, serial_glass,
          glass_columns_b, glass_columns_a, item_on_display_a,
          minmay_strange_pillars, lexackson_kobold_supper
D:5:      layout_basic, amcnicky_altar_gilded, serial_shops,
          nicolae_square_shop, uniq_blork_the_orc, uniq_eustachio
D:6:      layout_basic, temple_green
D:7:      layout_gridville, nicolae_qazlal_style_of_elements,
          ebering_ghost_reflecting_pool, nicolae_shop_dragon_depot,
          uniq_menkaure
D:8:      layout_loops_corners, grunt_gozag_statues, trog_hazing_becter,
          gammafunk_temple_overflow_elements, hellmonk_lair_entry_icy,
          enter_bailey_7, gammafunk_ghost_wrathful_warriors, uniq_joseph
Lair:1:   beast_lair_carwin_large_3, layout_hall_layers, lemuel_fruit_tree

Skill      XL: |  1  2  3  4  5  6  7  8  9 10 |
---------------+-------------------------------+-----
Invocations    | 1 2 3 4 5 6 |  6.0
Short Blades   | 1 2 3 5 |  5.5
Long Blades    | 1 2 3 5 |  5.5
Axes           | 1 2 3 5 |  5.5
Maces & Flails | 1 2 3 5 |  5.5
Polearms       | 1 2 3 5 |  5.5
Staves         | 1 2 3 5 |  5.5
Throwing       | 1 2 3 5 |  5.5
Armour         | 1 2 3 5 |  5.5
Shields        | 1 2 3 5 |  5.5
Unarmed Combat | 1 2 3 5 |  5.5
Spellcasting   | 1 2 3 5 |  5.5
Evocations     | 1 2 3 5 |  5.5
Conjurations   | 1 2 3 4 |  4.5
Hexes          | 1 2 3 4 |  4.5
Summonings     | 1 2 3 4 |  4.5
Necromancy     | 1 2 3 4 |  4.5
Translocations | 1 2 3 4 |  4.5
Transmutations | 1 2 3 4 |  4.5
Fire Magic     | 1 2 3 4 |  4.5
Ice Magic      | 1 2 3 4 |  4.5
Air Magic      | 1 2 3 4 |  4.5
Earth Magic    | 1 2 3 4 |  4.5
Poison Magic   | 1 2 3 4 |  4.5
Stealth        | 3 4 5 6 |  6.0
Fighting       | 5 6 7 |  7.2
Dodging        | 5 6 7 |  7.2
Ranged Weapons | 9 10 | 10.2

Action                   |  1- 3 |  4- 6 |  7- 9 | 10-12 || total
-------------------------+-------+-------+-------+-------++-------
Melee: Mace              |       |     9 |    62 |    25 ||    96
       Bite              |       |     2 |    19 |    10 ||    31
       Whip              |       |       |    27 |       ||    27
       Punch             |       |       |     3 |     1 ||     4
       Long sword        |       |       |    35 |    32 ||    67
 Fire: Shortbow          |   111 |   158 |   321 |    27 ||   617
Evoke: Wand              |       |       |       |     5 ||     5
  Use: Scroll            |       |     7 |     3 |       ||    10
       Potion            |       |       |     2 |     3 ||     5
Armor: Leather armour    |     4 |    27 |    54 |       ||    85
       Robe              |       |       |    22 |     9 ||    31
Dodge: Dodged            |    20 |    60 |   222 |    72 ||   374

Table legend: (Time is in decaauts)
 A = Elapsed time spent in this place.
 B = Non-inter-level travel time spent in this place.
 C = Inter-level travel time spent in this place.
 D = Time resting spent in this place.
 E = Time spent auto-exploring this place.
 F = Levels seen in this place.
 G = Mean time per level.
                   A        B        C        D        E       F      G
               +--------+--------+--------+--------+--------+-----+--------+
         Total |   7847 |   7435 |    412 |    426 |   5513 |   9 |  871.9 |
       Dungeon |   7843 |   7431 |    412 |    426 |   5513 |   8 |  980.4 |
          Lair |      3 |      3 |      0 |      0 |      0 |   1 |    3.0 |
               +--------+--------+--------+--------+--------+-----+--------+

Top non-repeatable levels by time:
     D:7: 1203 daAuts
     D:6: 1191 daAuts
     D:8: 1157 daAuts
     D:3: 1091 daAuts
     D:5: 1029 daAuts
     D:4: 872 daAuts
     D:2: 652 daAuts
     D:1: 646 daAuts
  Lair:1: 3 daAuts
